 Dungeon Crawl Stone Soup version 0.31-a0-819-gf6de2f5ab6 (webtiles) character file.

Game seed: 5606431801642300995

10481 qw the Skirmisher (level 11, -4/71 HPs)
             Began as a Gargoyle Hunter on Sept 23, 2023.
             Was a Believer of Okawaru.
             Slain by a yak (10 damage)
             ... on level 2 of the Lair of Beasts.
             The game lasted 00:04:48 (7859 turns).

qw the Skirmisher (Gargoyle Hunter)                 Turns: 7859, Time: 00:04:48

Health: -4/71      AC: 24    Str: 17    XL:     11   Next: 62%
Magic:  13/14      EV: 18    Int:  7    God:    Okawaru [**....]
Gold:   617        SH:  0    Dex: 21    Spells: 10/10 levels left

rFire   . . .        n - +0 orcbow
rCold   . . .        (shield currently unavailable)
rNeg    + . .        l - +0 acid dragon scales
rPois   inf          b - +1 helmet "Vucvag" {rCorr Str+2 Int-3 Dex+4}
rElec   +            k - +0 cloak
rCorr   +            e - +0 pair of gloves
SInv    +            c - +0 pair of boots
Will    .....        (no amulet)
Stlth   +++          f - ring of see invisible
HPRegen 0.31/turn    (no ring)
MPRegen 0.14/turn

%: no passive effects
@: heroic, marked
A: sickness immunity, AC +8, negative energy resistance 1, electricity
resistance, torment resistance 1, petrification resistance
a: Renounce Religion, Heroism


You were on level 2 of the Lair of Beasts.
You worshipped Okawaru.
Okawaru was pleased with you.
You visited 2 branches of the dungeon, and saw 10 of its levels.
You also visited: Ossuary.

You collected 617 gold pieces.


Innate Abilities, Weirdness & Mutations

You are immune to sickness and miasma.
Your stone body is resilient. (AC +8)
You are immune to poison.
You resist negative energy. (rN+)
You are resistant to electric shocks. (rElec)
You are resistant to unholy torment.
You are immune to petrification.


   Skills:
 - Level 9.0(14.0) Fighting
 + Level 13.7(18.7) Ranged Weapons
 - Level 6.0(11.0) Armour
 - Level 5.1(10.1) Dodging
 - Level 1.1(6.1) Stealth
 - Level 4.8 Invocations


You had 10 spell levels left.
You didn't know any spells.
Your spell library was empty.

Inventory:

Hand Weapons
 n - a +0 orcbow (weapon)
Armour
 b - the +1 helmet "Vucvag" (worn) {rCorr Str+2 Int-3 Dex+4}
   (You acquired it on level 5 of the Dungeon)

   Str+2:     It affects your strength (+2).
   Int-3:     It affects your intelligence (-3).
   Dex+4:     It affects your dexterity (+4).
   rCorr:     It protects you from acid and corrosion.
 c - a +0 pair of boots (worn)
 e - a +0 pair of gloves (worn)
 k - a +0 cloak (worn)
 l - +0 acid dragon scales (worn)
Jewellery
 f - a ring of see invisible (left hand)
Scrolls
 j - 3 scrolls of identify
Potions
 a - a potion of haste
 d - a potion of cancellation
 g - 3 potions of mutation
 h - 3 potions of curing
 i - 3 potions of might
 q - a potion of enlightenment

Dungeon Overview and Level Annotations

Branches:
Dungeon (8/15)             Temple (0/1) D:5            Lair (2/5) D:8
  Snake (0/4) Lair:2      Ossuary (visited)
  Swamp: Lair:2-3    Shoals: Lair:2-3

Altars:
Dithmenos
Fedhas
Gozag
Kikubaaqudgha
Makhleb
Nemelex Xobeh
Okawaru
Qazlal
Vehumet
Xom
Zin
The Shining One

Shops:
D:5 (

Annotations:
D:3 1 runed translucent door, Crazy Yiuf


Message History

The yak gores you but does no damage. The yak closely misses you.
The yak gores you but does no damage. x2
7854 |||
Found retreat position at 1,1 (shallow_water) with 0 blocking monsters and 4 monsters attacking at destination at distance 1 You shoot an arrow.
The arrow closely misses the yak.
The yak gores you but does no damage. The yak misses you.
The yak gores you but does no damage. x2; The yak completely misses you.
The yak misses you.
7855 |||
Found retreat position at 1,1 (shallow_water) with 0 blocking monsters and 4 monsters attacking at destination at distance 1 You shoot an arrow.
The arrow hits the yak!
The yak is severely wounded.
You hear the brisk rumble of a very distant avalanche of rocks.
A cane toad comes into view.
The yak barely misses you.
7856 |||
Found retreat position at 1,1 (shallow_water) with 0 blocking monsters and 4 monsters attacking at destination at distance 1 You shoot an arrow.
The arrow hits the yak but does no damage.
The yak is severely wounded.
The yak misses you.
The yak gores you but does no damage. x3
The yak misses you. The yak gores you but does no damage.
7857 |||
Found retreat position at 1,1 (shallow_water) with 0 blocking monsters and 4 monsters attacking at destination at distance 1 You shoot an arrow.
The arrow hits the yak but does no damage.
The yak is severely wounded.
The yak misses you. The yak gores you but does no damage. The yak misses you.
The yak gores you but does no damage. The yak gores you.
A yak comes into view.
The yak completely misses you. The yak gores you!
7858 |||
Found retreat position at 1,1 (shallow_water) with 0 blocking monsters and 4 monsters attacking at destination at distance 1 You shoot an arrow.
The arrow hits the yak but does no damage.
The yak is severely wounded.
The bullfrog swells and bulges.
The yak gores you!
7859 |||
Found retreat position at 1,1 (shallow_water) with 0 blocking monsters and 4 monsters attacking at destination at distance 1 You shoot an arrow.
The arrow hits the yak but does no damage.
The yak is severely wounded.
The yak completely misses you. The yak gores you but does no damage.
The yak gores you!
You die...

#.##.......~~
...........7P.~~~
..........ยค7~.~~~
#.#....7 ~~.~~P
#....F77~~.~~~
##.....~7~Y.~
......).SYYY.
..P.....FYYY7~.
....$...FY@Y7 .~
.........YY~7 Y
..........(77
..##......7~~~.~~~
##..... ~P~.~~~
#...... ~~~.~~~
..P.... ~~~.~~~
....... ~~P.~~~
.$.#... ~~P.~7~


You could see 11 yaks, a cane toad, a water moccasin and 2 bullfrogs.

Vanquished Creatures
  Harold (Lair:2)
  A hydra (Lair:2)
  Pikel (D:6)
  An oklob plant (Lair:1)
  2 black mambas (Lair:1)
  Maggie (D:6)
  4 cane toads
  A komodo dragon (Lair:2)
  3 blink frogs (Lair:1)
  12 yaks
  2 steam dragons
  Edmund (D:5)
  2 nagas (Lair:2)
  A water moccasin (D:6)
  Duvessa (D:5)
  3 sky beasts
  2 ice beasts (D:6)
  3 ogres
  Blork the orc (D:6)
  6 bullfrogs
  6 scorpions
  5 wights (D:6)
  4 killer bees (D:8)
  Dowan (D:5)
  A howler monkey (D:6)
  An electric eel (Lair:1)
  10 jellies
  A hound (D:4)
  2 orc priests
  2 sleepcaps
  A gnoll bouda (D:6)
  3 iguanas
  Natasha (thrice) (D:3)
  2 orc wizards
  3 mummies (Ossuary)
  Robin (D:2)
  5 adders
  15 gnolls
  A white imp (D:5)
  2 adder zombies (Ossuary)
  2 worms
  6 dart slugs
  32 orcs
  4 ball pythons
  23 endoplasms
  6 giant cockroaches
  14 goblins
  8 hobgoblins
  8 jackals
  10 kobolds
  2 quokkas
  8 bats
  4 frilled lizards
  2 goblin zombies (Ossuary)
  A hobgoblin zombie (Ossuary)
  2 kobold zombies (Ossuary)
  2 quokka zombies (Ossuary)
  7 rats
  3 rat zombies (Ossuary)
262 creatures vanquished.

Notes
Turn   | Place    | Note
-------+----------+-------------------------------------------
     0 | D:1      | qw the Gargoyle Hunter began the quest for the Orb.
     0 | D:1      | Reached XP level 1. HP: 12/12 MP: 1/1
     0 | D:1      | 0 ||| qw: Version: 0.3-a-83-gcd0e7d8
     0 | D:1      | 0 ||| qw: Game counter: 1694
     0 | D:1      | 0 ||| qw: Melee chars always use a shield: true
     0 | D:1      | 0 ||| qw: God list: Okawaru
     0 | D:1      | 0 ||| qw: Allow faded altars: false
     0 | D:1      | 0 ||| qw: Do Orc after clearing Dungeon:15 true
     0 | D:1      | 0 ||| qw: Do second Lair branch before Depths: true
     0 | D:1      | 0 ||| qw: Lair rune preference: random
     0 | D:1      | 0 ||| qw: Goals: Normal
     0 | D:1      | 0 ||| PLANNING D:1-11
   145 | D:1      | Reached XP level 2. HP: 17/17 MP: 2/2
   218 | D:1      | 218 ||| DROPPING +2 sling of flaming.
   294 | D:1      | Reached XP level 3. HP: 21/21 MP: 3/3
   320 | D:1      | Reached skill level 5 in Ranged Weapons
   473 | D:1      | 473 ||| UPGRADING to +0 helmet.
   478 | D:1      | 478 ||| READING scroll labelled JIGIAL NACLIHI.
   479 | D:1      | 479 ||| READING scroll labelled ILOIHECLASI.
   480 | D:1      | 480 ||| DROPPING scroll of butterflies.
   540 | D:2      | Noticed Robin
   554 | D:2      | Killed Robin
   555 | D:2      | Reached skill level 3 in Fighting
   555 | D:2      | Reached XP level 4. HP: 21/28 MP: 4/4
  1019 | D:2      | HP: 4/28 [orc/+0 club (4)]
  1019 | D:2      | HP: 1/28 [orc/+0 club (2)]
  1061 | D:2      | 1061 ||| FLEEEEING.
  1067 | D:2      | 1067 ||| STAIRDANCE
  1132 | D:1      | 1132 ||| UPGRADING to +2 helmet.
  1142 | D:1      | 1142 ||| DROPPING +0 helmet.
  1143 | D:1      | 1143 ||| READING scroll labelled KOSELYUTZA.
  1144 | D:1      | 1144 ||| READING scroll labelled BADETW XEDWIF.
  1145 | D:1      | 1145 ||| READING scroll labelled KUXZETTIME.
  1146 | D:1      | 1146 ||| DRINKING 2 ruby potions.
  1315 | D:2      | 1315 ||| UPGRADING to +0 ring mail.
  1325 | D:2      | 1325 ||| DROPPING +0 leather armour.
  1326 | D:2      | 1326 ||| UPGRADING to +0 pair of gloves.
  1331 | D:2      | 1331 ||| READING scroll labelled XANLEC JI VADGH.
  1332 | D:2      | 1332 ||| DRINKING 2 dark potions.
  1363 | D:3      | Found a faded altar of an unknown god.
  1391 | D:3      | Found a shadowy altar of Dithmenos.
  1405 | D:3      | Reached skill level 1 in Armour
  1477 | D:3      | Noticed Natasha
  1480 | D:3      | Killed Natasha
  1481 | D:3      | Reached XP level 5. HP: 32/32 MP: 5/5
  1485 | D:3      | Found a radiant altar of Vehumet.
  1709 | D:3      | Noticed Natasha
  1718 | D:3      | 1718 ||| Stepping ~*~*~tactically~*~*~ (retreating).
  1719 | D:3      | 1719 ||| Stepping ~*~*~tactically~*~*~ (retreating).
  1720 | D:3      | 1720 ||| Stepping ~*~*~tactically~*~*~ (retreating).
  1721 | D:3      | 1721 ||| Stepping ~*~*~tactically~*~*~ (retreating).
  1735 | D:3      | Killed Natasha
  1736 | D:3      | Reached skill level 6 in Ranged Weapons
  1790 | D:3      | Noticed Natasha
  1798 | D:3      | Killed Natasha
  1923 | D:3      | Found a runed translucent door.
  1924 | D:3      | Noticed Crazy Yiuf
  1977 | D:3      | 1977 ||| READING scroll labelled ZIQUICUFR JIZI.
  1978 | D:3      | 1978 ||| DRINKING 2 murky sapphire potions.
  2020 | D:4      | 2020 ||| DRINKING 2 potions of curing.
  2020 | D:4      | 2020 ||| (to cure confusion)
  2022 | D:4      | 2022 ||| DRINKING potion of curing.
  2022 | D:4      | 2022 ||| (to cure confusion)
  2036 | D:4      | Reached XP level 6. HP: 29/38 MP: 6/6
  2209 | D:4      | Found an iron altar of Okawaru.
  2210 | D:4      | 2210 ||| PLANNING OKAWARU WORSHIP
  2210 | D:4      | 2210 ||| READING scroll labelled BYAVEGIOCLE.
  2215 | D:4      | Became a worshipper of Warmaster Okawaru
  2216 | D:4      | 2216 ||| PLANNING D:1-11
  2216 | D:4      | Identified the +5 hand axe "Cunoolid" {elec, rElec rN+}
  2358 | D:4      | HP: 5/38 [gnoll/+0 spear (6)]
  2359 | D:4      | 2359 ||| DRINKING potion of heal wounds.
  3058 | D:4      | 3058 ||| READING scroll labelled FOANIDD WACU.
  3059 | D:4      | 3059 ||| DRINKING 2 puce potions.
  3077 | D:4      | 3077 ||| DROPPING potion of lignification.
  3088 | D:5      | Entered Level 5 of the Dungeon
  3091 | D:5      | 3091 ||| STAIRDANCE
  3094 | D:4      | Reached skill level 7 in Ranged Weapons
  3105 | D:5      | Reached XP level 7. HP: 37/43 MP: 7/7
  3105 | D:5      | 3105 ||| STAIRDANCE
  3149 | D:5      | 3149 ||| FLEEEEING.
  3155 | D:5      | 3155 ||| STAIRDANCE
  3254 | D:5      | Reached * piety under Okawaru
  3261 | D:5      | Reached skill level 8 in Ranged Weapons
  3276 | D:5      | Found a staircase to the Ecumenical Temple.
  3301 | D:5      | Reached skill level 1 in Invocations
  3411 | D:5      | 3411 ||| FLEEEEING.
  3412 | D:5      | 3412 ||| FLEEEEING.
  3413 | D:5      | 3413 ||| FLEEEEING.
  3414 | D:5      | 3414 ||| FLEEEEING.
  3415 | D:5      | 3415 ||| FLEEEEING.
  3416 | D:5      | 3416 ||| FLEEEEING.
  3417 | D:5      | 3417 ||| FLEEEEING.
  3418 | D:5      | 3418 ||| FLEEEEING.
  3500 | D:5      | Found Wifauc's Antique Weapon Boutique.
  3524 | D:5      | 3524 ||| INVOKING Heroism.
  3529 | D:5      | Reached XP level 8. HP: 49/49 MP: 6/10
  3560 | D:5      | Noticed Dowan
  3561 | D:5      | 3561 ||| INVOKING Heroism.
  3568 | D:5      | Noticed Duvessa
  3582 | D:5      | 3582 ||| INVOKING Heroism.
  3589 | D:5      | Killed Duvessa
  3601 | D:5      | Killed Dowan
  3607 | D:5      | 3607 ||| INVOKING Heroism.
  3724 | D:5      | Noticed Edmund
  3725 | D:5      | 3725 ||| UPGRADING to +2 robe.
  3759 | D:5      | HP: 11/49 [Edmund/+0 dire flail of protection (3)]
  3760 | D:5      | 3760 ||| DRINKING 2 potions of heal wounds.
  3779 | D:5      | HP: 12/49 [Edmund/+0 dire flail of protection (7)]
  3780 | D:5      | 3780 ||| DRINKING potion of heal wounds.
  3781 | D:5      | Killed Edmund
  3832 | D:5      | 3832 ||| DROPPING +0 ring mail.
  3913 | D:5      | 3913 ||| INVOKING Heroism.
  4038 | D:5      | 4038 ||| READING scroll labelled TODDEY OZIQYEDGH.
  4038 | D:5      | Identified a scroll of acquirement
  4038 | D:5      | 4038 ||| ACQUIRING +1 helmet "Vucvag" {rCorr Str+2 Int-3
                  | Dex+4}
  4038 | D:5      | Acquired the +1 helmet "Vucvag" {rCorr Str+2 Int-3 Dex+4}
  4040 | D:5      | 4040 ||| UPGRADING to +1 helmet "Vucvag" {rCorr Str+2 Int-3
                  | Dex+4}.
  4050 | D:5      | 4050 ||| DROPPING +2 helmet.
  4051 | D:5      | 4051 ||| DRINKING 2 murky brown potions.
  4146 | D:6      | Noticed Blork the orc
  4147 | D:6      | 4147 ||| INVOKING Heroism.
  4160 | D:6      | Killed Blork the orc
  4161 | D:6      | Reached skill level 9 in Ranged Weapons
  4161 | D:6      | Reached skill level 3 in Invocations
  4299 | D:6      | 4299 ||| INVOKING Heroism.
  4301 | D:6      | 4301 ||| Stepping ~*~*~tactically~*~*~ (retreating).
  4302 | D:6      | 4302 ||| Stepping ~*~*~tactically~*~*~ (retreating).
  4303 | D:6      | 4303 ||| Stepping ~*~*~tactically~*~*~ (retreating).
  4304 | D:6      | 4304 ||| Stepping ~*~*~tactically~*~*~ (retreating).
  4305 | D:6      | 4305 ||| Stepping ~*~*~tactically~*~*~ (retreating).
  4306 | D:6      | 4306 ||| Stepping ~*~*~tactically~*~*~ (retreating).
  4317 | D:6      | 4317 ||| INVOKING Heroism.
  4330 | D:6      | Reached skill level 3 in Dodging
  4367 | D:6      | Noticed Maggie
  4372 | D:6      | 4372 ||| RETREEAATING.
  4373 | D:6      | 4373 ||| STILL RETREEAATING.
  4374 | D:6      | 4374 ||| STILL RETREEAATING.
  4375 | D:6      | 4375 ||| STILL RETREEAATING.
  4376 | D:6      | 4376 ||| STILL RETREEAATING.
  4377 | D:6      | 4377 ||| FLEEEEING.
  4378 | D:6      | 4378 ||| FLEEEEING.
  4379 | D:6      | 4379 ||| FLEEEEING.
  4380 | D:6      | 4380 ||| FLEEEEING.
  4387 | D:6      | 4387 ||| INVOKING Heroism.
  4393 | D:6      | HP: 8/51 [Maggie/+1 broad axe of flaming (7)]
  4416 | D:6      | 4416 ||| INVOKING Heroism.
  4417 | D:6      | Killed Maggie
  4418 | D:6      | Reached skill level 6 in Fighting
  4418 | D:6      | Reached XP level 9. HP: 13/56 MP: 8/12
  4448 | D:6      | 4448 ||| INVOKING Heroism.
  4935 | D:6      | 4935 ||| Stepping ~*~*~tactically~*~*~ (retreating).
  4939 | D:6      | Reached skill level 10 in Ranged Weapons
  5144 | D:6      | Noticed Pikel
  5145 | D:6      | 5145 ||| Stepping ~*~*~tactically~*~*~ (retreating).
  5149 | D:6      | 5149 ||| Stepping ~*~*~tactically~*~*~ (retreating).
  5150 | D:6      | 5150 ||| INVOKING Heroism.
  5160 | D:6      | Killed Pikel
  5160 | D:6      | Reached ** piety under Okawaru
  5249 | D:6      | 5249 ||| INVOKING Heroism.
  5272 | D:6      | Found a burning altar of Makhleb.
  5276 | D:6      | Found a glowing golden altar of the Shining One.
  5277 | D:6      | Found a sparkling altar of Nemelex Xobeh.
  5278 | D:6      | Found a blossoming altar of Fedhas.
  5278 | D:6      | Found a stormy altar of Qazlal.
  5278 | D:6      | Found an opulent altar of Gozag.
  5279 | D:6      | Found a glowing silver altar of Zin.
  5281 | D:6      | Found an ancient bone altar of Kikubaaqudgha.
  5282 | D:6      | Found a shimmering altar of Xom.
  5396 | D:6      | 5396 ||| UPGRADING to +0 pair of boots.
  5401 | D:6      | 5401 ||| UPGRADING to +0 cloak.
  5406 | D:6      | 5406 ||| UPGRADING to +0 acid dragon scales.
  5416 | D:6      | 5416 ||| DROPPING +2 robe.
  5417 | D:6      | 5417 ||| READING scroll labelled WALECOT WAIQOPI.
  5420 | D:6      | 5420 ||| READING scroll labelled NONKIMMOROKH.
  5436 | D:7      | 5436 ||| INVOKING Heroism.
  5437 | D:7      | 5437 ||| STAIRDANCE
  5453 | D:7      | 5453 ||| INVOKING Heroism.
  5459 | D:7      | 5459 ||| STAIRDANCE
  5486 | D:7      | Reached skill level 3 in Armour
  5486 | D:7      | 5486 ||| INVOKING Heroism.
  5565 | D:7      | Reached XP level 10. HP: 63/63 MP: 13/13
  5568 | D:7      | 5568 ||| INVOKING Heroism.
  5575 | D:7      | Reached skill level 11 in Ranged Weapons
  5740 | D:7      | 5740 ||| INVOKING Heroism.
  5956 | D:7      | 5956 ||| UPGRADING to ring of see invisible.
  5957 | D:7      | 5957 ||| READING 2 scrolls of identify.
  5957 | D:7      | 5957 ||| IDENTIFYING viscous amethyst potion
  5988 | D:8      | 5988 ||| PLANNING OSSUARY
  6055 | D:8      | Found a staircase to the Lair.
  6108 | D:8      | 6108 ||| INVOKING Heroism.
  6119 | D:8      | 6119 ||| Stepping ~*~*~tactically~*~*~ (cloud).
  6126 | D:8      | 6126 ||| INVOKING Heroism.
  6196 | D:8      | Identified the +1 chain mail "Axiconeff" {rElec rF+ Int+2}
  6211 | D:8      | 6211 ||| RETREEAATING.
  6212 | D:8      | 6212 ||| STILL RETREEAATING.
  6217 | D:8      | 6217 ||| INVOKING Heroism.
  6245 | D:8      | 6245 ||| Stepping ~*~*~tactically~*~*~ (retreating).
  6249 | D:8      | 6249 ||| INVOKING Heroism.
  6285 | D:8      | 6285 ||| INVOKING Heroism.
  6446 | D:8      | Found a sand-covered staircase.
  6447 | D:8      | 6447 ||| READING scroll labelled GES LAFEEVATH.
  6448 | D:8      | 6448 ||| READING 4 scrolls of identify.
  6448 | D:8      | 6448 ||| IDENTIFYING glowing purple potion
  6452 | Ossuary  | Entered an ossuary
  6466 | Ossuary  | 6466 ||| INVOKING Heroism.
  6639 | D:8      | 6639 ||| PLANNING LAIR
  6692 | Lair:1   | Entered Level 1 of the Lair of Beasts
  6693 | Lair:1   | Noticed a cane toad
  6694 | Lair:1   | 6694 ||| INVOKING Heroism.
  6704 | Lair:1   | Killed a cane toad
  6786 | Lair:1   | 6786 ||| SWAPPING to +0 orcbow.
  6787 | Lair:1   | 6787 ||| DROPPING +1 shortbow.
  6833 | Lair:1   | Noticed a black mamba
  6834 | Lair:1   | 6834 ||| INVOKING Heroism.
  6839 | Lair:1   | Killed a black mamba
  6840 | Lair:1   | Reached skill level 12 in Ranged Weapons
  6861 | Lair:1   | 6861 ||| INVOKING Heroism.
  6873 | Lair:1   | 6873 ||| RETREEAATING.
  6874 | Lair:1   | 6874 ||| STILL RETREEAATING.
  6875 | Lair:1   | 6875 ||| STILL RETREEAATING.
  6876 | Lair:1   | 6876 ||| Stepping ~*~*~tactically~*~*~ (retreating).
  6902 | Lair:1   | 6902 ||| INVOKING Heroism.
  7016 | Lair:1   | Noticed a cane toad
  7017 | Lair:1   | 7017 ||| INVOKING Heroism.
  7020 | Lair:1   | Noticed a cane toad
  7021 | Lair:1   | Killed a cane toad
  7022 | Lair:1   | Reached skill level 13 in Ranged Weapons
  7022 | Lair:1   | Reached XP level 11. HP: 68/68 MP: 11/14
  7113 | Lair:1   | 7113 ||| INVOKING Heroism.
  7123 | Lair:1   | Reached skill level 9 in Fighting
  7155 | Lair:1   | Noticed an oklob plant
  7156 | Lair:1   | 7156 ||| INVOKING Heroism.
  7189 | Lair:1   | 7189 ||| INVOKING Heroism.
  7199 | Lair:1   | Killed an oklob plant
  7318 | Lair:1   | 7318 ||| INVOKING Heroism.
  7321 | Lair:1   | Reached skill level 6 in Armour
  7465 | Lair:1   | 7465 ||| DRINKING 2 black potions.
  7466 | Lair:1   | 7466 ||| READING 4 scrolls of identify.
  7466 | Lair:1   | 7466 ||| IDENTIFYING blue potion
  7467 | Lair:1   | 7467 ||| DROPPING potion of brilliance.
  7481 | Lair:2   | Noticed a four-headed hydra
  7482 | Lair:2   | 7482 ||| INVOKING Heroism.
  7483 | Lair:2   | 7483 ||| STAIRDANCE
  7510 | Lair:2   | 7510 ||| INVOKING Heroism.
  7511 | Lair:2   | Killed a four-headed hydra
  7512 | Lair:2   | 7512 ||| STAIRDANCE
  7585 | Lair:2   | 7585 ||| INVOKING Heroism.
  7663 | Lair:2   | Found a staircase to the Snake Pit.
  7686 | Lair:2   | 7686 ||| INVOKING Heroism.
  7706 | Lair:2   | 7706 ||| INVOKING Heroism.
  7769 | Lair:2   | 7769 ||| RETREEAATING.
  7770 | Lair:2   | 7770 ||| STILL RETREEAATING.
  7771 | Lair:2   | 7771 ||| STILL RETREEAATING.
  7772 | Lair:2   | 7772 ||| STILL RETREEAATING.
  7773 | Lair:2   | 7773 ||| STILL RETREEAATING.
  7774 | Lair:2   | 7774 ||| STILL RETREEAATING.
  7775 | Lair:2   | 7775 ||| STILL RETREEAATING.
  7776 | Lair:2   | 7776 ||| STILL RETREEAATING.
  7779 | Lair:2   | 7779 ||| Stepping ~*~*~tactically~*~*~ (retreating).
  7783 | Lair:2   | Noticed Harold
  7784 | Lair:2   | 7784 ||| Stepping ~*~*~tactically~*~*~ (retreating).
  7813 | Lair:2   | Noticed a six-headed hydra
  7816 | Lair:2   | 7816 ||| INVOKING Heroism.
  7833 | Lair:2   | HP: 13/71 [six-headed hydra (11)]
  7834 | Lair:2   | 7834 ||| READING scroll of teleportation.
  7834 | Lair:2   | HP: 5/71 [six-headed hydra (6)]
  7835 | Lair:2   | 7835 ||| DRINKING 2 potions of heal wounds.
  7836 | Lair:2   | 7836 ||| DRINKING potion of heal wounds.
  7838 | Lair:2   | Killed Harold
  7845 | Lair:2   | 7845 ||| RETREEAATING.
  7847 | Lair:2   | 7847 ||| STILL RETREEAATING.
  7848 | Lair:2   | 7848 ||| Stepping ~*~*~tactically~*~*~ (water).
  7849 | Lair:2   | 7849 ||| INVOKING Heroism.
  7857 | Lair:2   | HP: 17/71 [yak (8)]
  7858 | Lair:2   | HP: 6/71 [yak (11)]
  7859 | Lair:2   | Slain by a yak

Levels and vault maps discovered:
D:1:      pf_arrival_petrified_forest, layout_basic
D:2:      layout_basic, uniq_robin
D:3:      layout_rooms, mainiacjoe_overflow_small_starburst,
          mainiacjoe_overflow_concentric_impassable, basic_ecumenical_altar,
          uniq_natasha, uniq_crazy_yiuf_cottage
D:4:      layout_basic, okawaru_ov_weapons_minmay, kennysheep_generic_room_4
D:5:      layout_cave_pools, minmay_temple_entry_glass, serial_shops,
          nicolae_shop_statue_plus, kennysheep_path_1, uniq_edmund, uniq_duvessa
D:6:      wad_crossroads, layout_basic, minitemple, uniq_maggie, uniq_pikel,
          uniq_blork_the_orc
D:7:      layout_rooms
D:8:      layout_loops_ring, dpeg_oklobed_lair, enter_ossuary_5,
          nicolae_island_escapes
Lair:1:   lemuel_slime, layout_cave_shapes, serial_bayou_shore_a,
          infiniplex_staircase_pool_2
Lair:2:   layout_gridlike, minmay_swamp_entry_worms,
          minmay_snake_entry_guardpost_medium, nicolae_volcano_entry_batcave,
          serial_bayou_lagoon_b, uniq_harold

Skill      XL: |  1  2  3  4  5  6  7  8  9 10 11 |
---------------+----------------------------------+-----
Ranged Weapons | 5 6 7 8 9 10 13 | 13.7
Fighting       | 3 4 5 6 7 8 9 |  9.0
Armour         | 1 2 4 5 6 |  6.0
Invocations    | 2 4 |  4.8
Dodging        | 3 4 5 |  5.1
Stealth        | |  1.1

Action                     |  1- 3 |  4- 6 |  7- 9 | 10-12 || total
---------------------------+-------+-------+-------+-------++-------
   Fire: Shortbow          |    93 |   315 |   417 |   196 ||  1021
         Orcbow            |       |       |       |   215 ||   215
 Invoke: Heroism           |       |       |    16 |    24 ||    40
    Use: Scroll            |     2 |     7 |     3 |     5 ||    17
         Potion            |       |     7 |     3 |     3 ||    13
 Armour: Leather armour    |    19 |    77 |       |       ||    96
         Ring mail         |       |   120 |    50 |       ||   170
         Robe              |       |       |    80 |       ||    80
         Skin              |       |       |     1 |       ||     1
         Acid dragon scale |       |       |     9 |   184 ||   193
  Dodge: Dodged            |    24 |   128 |   148 |   256 ||   556

Table legend:
 A = Non-vault XP
 B = Vault XP
 C = Vault XP percentage of total XP
 D = Non-vault monster count
 E = Vault monster count
 F = Vault count percentage of total count
                 A         B        C        D         E       F
            +---------+---------+-------+---------+---------+-------
      Total |   11015 |    3959 |  26.4 |     197 |      65 |  24.8
            +---------+---------+-------+---------+---------+-------
        D:1 |      44 |       0 |   0.0 |      27 |       0 |   0.0
        D:2 |      61 |      33 |  35.1 |      29 |      11 |  27.5
        D:3 |     120 |      35 |  22.6 |      19 |       1 |   5.0
        D:4 |     260 |       2 |   0.8 |      33 |       1 |   2.9
        D:5 |     878 |     369 |  29.6 |      21 |       3 |  12.5
        D:6 |    1118 |    1405 |  55.7 |      18 |       7 |  28.0
        D:7 |     847 |       0 |   0.0 |      17 |       0 |   0.0
        D:8 |    1447 |       0 |   0.0 |      11 |       0 |   0.0
     Lair:1 |    3854 |     822 |  17.6 |      15 |      24 |  61.5
     Lair:2 |    2386 |    1218 |  33.8 |       7 |       3 |  30.0
    Ossuary |       0 |      75 | 100.0 |       0 |      15 | 100.0
            +---------+---------+-------+---------+---------+-------
